 Dungeon Crawl Stone Soup version 0.18.1-48-g4cf74bf (webtiles) character file.

93 Joat the Ducker (level 4, -1/22 HPs)
             Began as a Spriggan Conjurer on Aug 20, 2016.
             Slain by an orc priest
             ... wielding a +0 hand axe
              (4 damage)
             ... on level 3 of the Dungeon.
             The game lasted 00:11:43 (2471 turns).

Joat the Ducker (Spriggan Conjurer)                 Turns: 2471, Time: 00:11:44

Health: -1/22      AC:  2    Str:  4    XL:     4   Next: 37%
Magic:  10/10      EV: 19    Int: 17    God:
Gold:   71         SH:  6    Dex: 16    Spells: 1 memorised, 8 levels left

rFire  . . .     SeeInvis +     d - +2 trident (venom)
rCold  . . .     Gourm    .     a - +0 robe
rNeg   + . .     Faith    .     (shield currently unavailable)
rPois  .         Spirit   .     (helmet restricted)
rElec  .         Dismiss  .     (no cloak)
rCorr  .         Reflect  +     (gloves unavailable)
SustAt .         Harm     .     (boots unavailable)
MR     .....                    m - +6 amulet of reflection
Stlth  ++........               q - ring of loudness (curse)
                                l - ring of positive energy

@: very quick, not resistant to hostile enchantments, unstealthy
A: unfitting armour, see invisible, herbivore 3, speed 3, slow metabolism 2
a: no special abilities


You were on level 3 of the Dungeon.
You were not hungry.

You visited 1 branch of the dungeon, and saw 3 of its levels.

You collected 71 gold pieces.

Inventory:

Hand Weapons
 d - a +2 trident of venom (weapon)
 h - a +0 dagger
 k - a +1 short sword
Armour
 a - a +0 robe (worn)
Jewellery
 l - a ring of positive energy (left hand)
 m - a +6 amulet of reflection (around neck)
 n - an uncursed ring of stealth
 q - a cursed ring of loudness (right hand)
Scrolls
 e - 2 scrolls of teleportation
 g - a scroll of blinking
Potions
 j - a potion of cure mutation {unknown}
Books
 b - a book of Conjurations

   Spells                             Type                      Level
   a - Magic Dart                     Conjuration                  1
   b - Searing Ray                    Conjuration                  2
   c - Dazzling Spray                 Conjuration/Hexes            3
   d - Fulminant Prism                Conjuration/Hexes            4
   e - Iskenderun's Mystic Blast      Conjuration                  4
   f - Iskenderun's Battlesphere      Conjuration/Charms           5
Comestibles
 c - 2 bread rations
 p - 2 royal jellies


   Skills:
 + Level 1.0 Fighting
 - Level 1.3 Short Blades
 + Level 4.4 Dodging
 + Level 4.2 Stealth
 + Level 3.4 Spellcasting
 - Level 2.9 Conjurations


You had 8 spell levels left.
You knew the following spells:

 Your Spells              Type           Power        Failure   Level  Hunger
a - Magic Dart            Conj           ##..         6%          1    None


Dungeon Overview and Level Annotations

Branches:
Dungeon (3/15)

Altars:
Makhleb
Trog


Innate Abilities, Weirdness & Mutations

You are tiny and cannot use many weapons and most armour.
You have supernaturally acute eyesight.
You are a herbivore.
You cover ground extremely quickly.
You need consume almost no food.


Message History

Attack whom?
Press: ? - help, Dir - move target cursor, f - orc priest
Aim: an orc priest, wielding a hand axe You reach to attack!
You hit the orc priest.
The orc priest is lightly wounded.
You hit the orc priest.
The orc priest is moderately wounded.
The orc priest calls down the wrath of Beogh upon you.
You struggle to resist.
You hit the orc priest.
The orc priest is poisoned.
The orc priest is moderately wounded.
The orc priest closely misses you. x2
You closely miss the orc priest.
The orc priest is moderately wounded.
The orc priest hits you with a hand axe!
* * * LOW HITPOINT WARNING * * *
You hit the orc priest.
The orc priest is heavily wounded.
The orc priest hits you with a hand axe.
You die...

#.#.####.#.#
#.#.# #.#?#
#.#.# #o#..
#.#.# #.####
#.#.# #.#
#.#.# #)#
#.#<# #.#
#.######.#
#.....@o.#
##########


You could see an orc priest.

Vanquished Creatures
  Jessica (D:2)
  2 oozes
  5 dart slugs
  A giant gecko (D:2)
  2 orcs (D:3)
  4 giant cockroaches
  6 hobgoblins
  2 jackals (D:1)
  A ball python (D:2)
  7 bats
  4 goblins
  5 kobolds
  4 rats
44 creatures vanquished.

Notes
Turn   | Place    | Note
--------------------------------------------------------------
     0 | D:1      | Joat the Spriggan Conjurer began the quest for the Orb.
     0 | D:1      | Reached XP level 1. HP: 9/9 MP: 5/5
   488 | D:1      | Reached XP level 2. HP: 13/13 MP: 2/6
  1115 | D:1      | Reached XP level 3. HP: 12/16 MP: 5/8
  1421 | D:2      | Reached skill level 1 in Short Blades
  1429 | D:2      | Found a bloodstained altar of Trog.
  1585 | D:2      | Noticed Jessica
  1597 | D:2      | Killed Jessica
  1597 | D:2      | Reached XP level 4. HP: 21/21 MP: 10/10
  2031 | D:2      | Reached skill level 1 in Fighting
  2076 | D:2      | Found a burning altar of Makhleb.
  2471 | D:3      | Slain by an orc priest

Skill      XL: |  1  2  3  4 |
---------------+-------------+-----
Dodging        | 4 |  4.4
Spellcasting   | 3 |  3.4
Short Blades   | 1 |  1.3
Stealth        | 4 |  4.2
Fighting       | 1 |  1.0
Conjurations   | |  2.9

Action                   |  1- 3 |  4- 6 || total
-------------------------+-------+-------++-------
Melee: Unarmed           |    29 |       ||    29
       Dagger            |     3 |       ||     3
       Short sword       |    68 |    41 ||   109
       Trident           |       |    12 ||    12
 Cast: Magic Dart        |    24 |       ||    24
  Use: Scroll            |     6 |     1 ||     7
 Stab: Sleeping          |     6 |     3 ||     9
Armor: Robe              |     7 |     3 ||    10
Dodge: Dodged            |    74 |    36 ||   110
Block: Other             |     7 |     8 ||    15
       Reflection        |     1 |       ||     1
